 Dungeon Crawl Stone Soup version 0.16.1-11-g651b585 (webtiles) character file.

53 jacksonaction the Poker (level 3, -7/26 HPs)
             Began as an Octopode Fighter on Apr 6, 2015.
             Killed from afar by Jessica (10 damage)
             ... with a wand of flame
             ... on level 2 of the Dungeon.
             The game lasted 00:05:59 (1149 turns).

jacksonaction the Poker (Octopode Fighter)          Turns: 1149, Time: 00:05:59

Health: -7/26      AC:  1    Str: 20    XL:     3   Next: 87%
Magic:  3/3        EV: 10    Int: 10    God:
Gold:   87         SH:  9    Dex: 12    Spells: 0 memorised, 2 levels left

rFire  . . .     SeeInvis .     a - +0 trident
rCold  . . .     Clarity  .     c - +0 shield
rNeg   . . .     SustAb   .     (helmet restricted)
rPois  .         Gourm    .     i - amulet of rage
rElec  .         Spirit   .     (no ring)
rCorr  .         Warding  .     (no ring)
rMut   .         Stasis   .     (no ring)
MR     .....                    (no ring)
Stlth  ++........               (no ring)
                                (no ring)
                                (no ring)
                                (no ring)

@: mighty, lethally poisoned (-7 -> -12), not resistant to hostile enchantments,
unstealthy
A: almost no armour, amphibious, 8 rings, constrict 8, camouflage 1, gelatinous
body 1
a: Evoke Berserk Rage


You were on level 2 of the Dungeon.
You were not hungry.

You visited 1 branch of the dungeon, and saw 2 of its levels.

You collected 87 gold pieces.

Inventory:

Hand weapons
 a - a +0 trident (weapon)
 k - a +0 short sword
Missiles
 f - 23 stones (quivered)
 g - 33 poisoned needles
Armour
 c - a +0 shield (worn)
Jewellery
 i - an amulet of rage (around mantle)
 n - a +6 ring of evasion {unknown}
 q - an uncursed ring of magical power {unknown}
Scrolls
 b - a scroll of random uselessness {unknown}
 j - 3 scrolls of remove curse {unknown}
 o - a scroll of blinking {unknown}
 p - a scroll of recharging {unknown}
Potions
 h - a potion of curing
 l - a potion of restore abilities {unknown}
 m - a potion of magic {unknown}
Comestibles
 d - a bread ration
 r - a meat ration
 s - a chunk of flesh
 t - a slice of pizza


   Skills:
 - Level 3.0 Fighting
 + Level 4.0 Polearms
 - Level 3.0 Dodging
 - Level 3.0 Shields


You had 2 spell levels left.
You didn't know any spells.

Dungeon Overview and Level Annotations

Branches:
Dungeon (2/15)

Altars:

Annotations:
D:2 Jessica


Innate Abilities, Weirdness & Mutations

You cannot wear most types of armour.
You are amphibious.
You can wear up to eight rings at the same time.
You can use your tentacles to constrict many enemies at once.
Your skin changes colour to match your surroundings (Stealth).
Your rubbery body absorbs attacks (AC +1).


Message History

* * * LOW HITPOINT WARNING * * *
You are lethally poisoned!
The adder poisons you!
Drink which item? (? for menu, Esc to quit)
It was a potion of curing.
You feel better.
You constrict the adder. The adder completely misses you.
The adder barely misses you. Jessica barely misses you.
Drink which item? (? for menu, Esc to quit)
You feel very mighty all of a sudden.
You constrict the adder. The adder bites you.
You are poisoned.
The adder poisons you!
Jessica zaps a wand.
The puff of flame hits you!
* * * LOW HITPOINT WARNING * * *
It is a wand of flame.
Drink which item? (? for menu, Esc to quit)
You feel better.
You constrict the adder. The adder bites you.
* * * LOW HITPOINT WARNING * * *
You are lethally poisoned!
The adder poisons you!
Jessica zaps a wand.
The puff of flame hits you!
You die...

#.# ###.#
##...#####
#..#.....###
###..........#
#............#
#..rg.#
###S### # #@#
# #@# # # #.#
# #.. #.#
###..#. #.#
#..... #.#
..#.# #.#
....## #.#
.....# #.#


You could see an adder, Jessica, a hobgoblin and a rat.

Vanquished Creatures
  An adder (D:2)
  A worm (D:2)
  3 giant geckos
  4 bats
  3 giant cockroaches
  7 hobgoblins
  2 ball pythons (D:1)
  2 giant newts (D:1)
  2 goblins
  7 kobolds (D:1)
  5 rats
37 creatures vanquished.

Notes
Turn   | Place    | Note
--------------------------------------------------------------
     0 | D:1      | jacksonaction, the Octopode Fighter, began the quest for the Orb.
     0 | D:1      | Reached XP level 1. HP: 16/16 MP: 1/1
   217 | D:1      | Reached XP level 2. HP: 21/21 MP: 2/2
   639 | D:1      | Reached XP level 3. HP: 26/26 MP: 3/3
  1134 | D:2      | Reached skill level 4 in Polearms
  1140 | D:2      | Noticed Jessica
  1148 | D:2      | HP: 1/26 [Jessica/wand of flame (9)]
  1149 | D:2      | Killed from afar by Jessica

Action                   || total
-------------------------++-------
Melee: Trident           ||    73
  Use: Potion            ||     3
 Stab: Sleeping          ||     6
  Eat: Chunk             ||     1
